 Dungeon Crawl Stone Soup version 0.27.0-1-g7a089689b8 (webtiles) character file.

Game seed: 2838906694590016246

91 thirtiethelement the Skirmisher (level 4, -4/36 HPs)
             Began as a Demonspawn Abyssal Knight on Aug 12, 2021.
             Was a Believer of Lugonu.
             Slain by a gnoll (10 damage)
             ... on level 3 of the Dungeon.
             The game lasted 00:04:26 (2798 turns).

thirtiethelement the Skirmisher (DsAK)              Turns: 2798, Time: 00:04:27

Health: -4/36      AC:  4    Str: 14    XL:     4   Next: 33%
Magic:  6/6        EV: 11    Int: 13    God:    Lugonu [**....]
Gold:   93         SH:  0    Dex: 18    Spells: 3/3 levels left

rFire    . . .     SeeInvis .   a - +1 falchion
rCold    . . .     Faith    .   (no shield)
rNeg     . . .     Spirit   .   b - +0 leather armour
rPois    .         Reflect  .   (helmet restricted)
rElec    .         Harm     .   m - +0 cloak
rCorr    .         Rampage  .   (no gloves)
Will     .....                  (no boots)
Stlth    ++........             (no amulet)
HPRegen  0.12/turn              n - +6 ring of dexterity
MPRegen  0.10/turn              (no ring)

@: no status effects
A: horns 1, spiny 1
a: Renounce Religion, Depart the Abyss, Bend Space


You were on level 3 of the Dungeon.
You worshipped Lugonu.
Lugonu was pleased with you.
You visited 1 branch of the dungeon, and saw 3 of its levels.
You visited the Abyss 1 time.

You collected 93 gold pieces.

Inventory:

Hand Weapons
 a - a +1 falchion (weapon)
Missiles
 f - 8 boomerangs (quivered)
Armour
 b - a +0 leather armour (worn)
 m - a +0 cloak (worn)
Jewellery
 n - a +6 ring of dexterity (left hand)
Wands
 e - a wand of mindburst (11)
 g - a wand of flame (16)
Scrolls
 d - a scroll of teleportation
 l - a scroll of fear {unknown}
Potions
 c - 3 potions of curing {unknown}
 h - a potion of lignification {unknown}
 i - a potion of magic {unknown}
 j - 3 potions of haste {unknown}
 k - a potion of flight {unknown}


   Skills:
 + Level 3.6 Fighting
 + Level 2.9 Long Blades
 + Level 2.4 Armour
 + Level 1.1 Dodging
 + Level 0.7 Stealth
 + Level 2.8 Invocations


You had 3 spell levels left.
You didn't know any spells.
Your spell library contained the following spells:

 Spells                   Type           Power      Damage    Failure   Level
 Tukima's Dance           Hex            0%         N/A       75%         3
 Passage of Golubria      Tloc           N/A        N/A       98%         4
 Yara's Violent Unravell  Hex/Tmut       0%         3d3       100%        5


Dungeon Overview and Level Annotations

Branches:
Dungeon (3/15)

Altars:

Shops:
D:2 :


Innate Abilities, Weirdness & Mutations

You have a pair of small horns on your head.
You are partially covered in sharp spines.


Message History

The bat is severely wounded.
The bat is struck by your spines.
You kill the bat!
Lugonu accepts your kill. The gnoll hits you with a +0 whip.
The adder is struck by your spines. The adder closely misses you.
You riposte.
You barely miss the adder. Your headbutt misses the adder.
The adder is heavily wounded.
The gnoll closely misses you. The gnoll is struck by your spines.
The gnoll hits you with a +0 club. The gnoll is struck by your spines.
The gnoll barely misses you.
You hit the adder. Your headbutt misses the adder.
The adder is severely wounded.
The adder is struck by your spines. The adder closely misses you.
The gnoll hits you with a +0 flail. The gnoll is struck by your spines.
The gnoll hits you with a +0 club.
* * * LOW HITPOINT WARNING * * *
The gnoll is struck by your spines.
You kill the gnoll!
Lugonu accepts your kill. The adder bites you but does no damage.
You barely miss the adder. Your headbutt misses the adder.
The adder is almost dead.
The gnoll hits you with a +0 flail.
* * * LOW HITPOINT WARNING * * *
The adder barely misses you. The gnoll hits you with a +0 club.
* * * LOW HITPOINT WARNING * * *
The dart slug launches a dart at you. The slug dart misses you.
You hit the adder.
You kill the adder!
Lugonu accepts your kill. The gnoll completely misses you.
The gnoll barely misses you.
You closely miss the gnoll. You headbutt the gnoll.
The gnoll is severely wounded.
The gnoll misses you.
You riposte.
You hit the gnoll.
The gnoll is moderately wounded.
The gnoll is struck by your spines. The gnoll barely misses you.
The gnoll hits you with a +0 flail!
You die...

............#.#
...............
...............
................
..............#
.............#
.##....))g....#
........@g..###.
##......##..#..
#.....w###......
###.........#....
.####..........$....
..............w.....
##..................
#.#...........#....
#...#..............


You could see 2 gnolls and a dart slug.

Vanquished Creatures
  An adder (D:3)
  2 gnolls (D:3)
  A worm (D:2)
  5 endoplasms
  A giant cockroach (D:1)
  7 goblins
  4 hobgoblins
  7 jackals
  5 quokkas
  8 ball pythons
  4 bats
  3 frilled lizards
  3 kobolds
  4 rats
55 creatures vanquished.

Vanquished Creatures (others)
  A starspawn tentacle (Abyss:3)
1 creature vanquished.

Grand Total: 56 creatures vanquished

Notes
Turn   | Place    | Note
-------+----------+-------------------------------------------
     0 | Abyss:1  | thirtiethelement the Demonspawn Abyssal Knight began the
                  | quest for the Orb.
     0 | Abyss:1  | Reached XP level 1. HP: 18/18 MP: 2/2
    80 | Abyss:2  | Noticed an orange demon
   126 | Abyss:3  | Noticed a tentacled starspawn
   154 | Abyss:4  | Noticed a hell hound
   154 | Abyss:4  | Noticed a +1 battleaxe of freezing
   156 | Abyss:4  | Noticed an ancient zyme
   157 | D:1      | Escaped the Abyss
   726 | D:1      | Gained mutation: You have a pair of small horns on your
                  | head. [demonic ancestry]
   726 | D:1      | Reached XP level 2. HP: 17/24 MP: 3/3
   737 | D:1      | Reached * piety under Lugonu
  1105 | D:1      | Found a faded altar of an unknown god.
  1105 | D:1      | Noticed a floating eye
  1108 | D:1      | Noticed a shining eye
  1114 | D:1      | Noticed a great orb of eyes
  1121 | D:1      | Noticed an eye of devastation
  1623 | D:2      | Gained mutation: You are partially covered in sharp spines.
                  | [demonic ancestry]
  1623 | D:2      | Reached XP level 3. HP: 18/29 MP: 5/5
  2184 | D:2      | Reached skill level 1 in Dodging
  2690 | D:2      | Found Entex's Book Emporium.
  2769 | D:3      | Reached ** piety under Lugonu
  2792 | D:3      | Reached XP level 4. HP: 31/35 MP: 6/6
  2798 | D:3      | Slain by a gnoll

Illustrated notes

Levels and vault maps discovered:
D:1:      dpeg_arrival_three_smaller_balls, layout_loops_ring,
          hellmonk_ecumenical_altar_watching_god, minmay_misc_feat_tiny
D:2:      layout_loops_ring, serial_shops, nicolae_shop_trees
D:3:      layout_rooms, hangedman_ru_absence

Skill      XL: |  1  2  3 |
---------------+----------+-----
Long Blades    | 2 |  2.9
Armour         | 2 |  2.4
Dodging        | 1 |  1.1
Fighting       | |  3.6
Stealth        | |  0.7
Invocations    | |  2.8

Action                   |  1- 3 |  4- 6 || total
-------------------------+-------+-------++-------
Melee: Falchion          |   102 |     7 ||   109
       Headbutt          |    16 |     1 ||    17
Invok: Depart the Abyss  |     1 |       ||     1
  Use: Scroll            |     2 |       ||     2
 Stab: Sleeping          |     1 |       ||     1
Armor: Leather armour    |    22 |     1 ||    23
Dodge: Dodged            |    66 |    14 ||    80
       Rpst.: Falchion   |    21 |     3 ||    24
